 Dungeon Crawl Stone Soup version 0.31.0-1-g2c135a0 (webtiles) character file.

Game seed: 11131141761920691920

1279 brinewave the Shield-Bearer (level 8, -7/73 HPs)
             Began as a Minotaur Fighter on Jan 25, 2024.
             Mangled by a manticore (8 damage)
             ... on level 7 of the Dungeon.
             The game lasted 00:09:37 (2209 turns).

brinewave the Shield-Bearer (Minotaur Fighter)      Turns: 2209, Time: 00:09:38

Health: -7/73      AC:  9    Str: 24    XL:     8   Next: 29%
Magic:  7/7        EV:  9    Int:  5    God:
Gold:   136        SH: 10    Dex:  9    Spells: 7/7 levels left

rFire   . . .        x - +2 trident (flame)
rCold   . . .        c - +0 buckler
rNeg    . . .        b - +0 scale mail
rPois   .            (helmet restricted)
rElec   .            (no cloak)
rCorr   .            (no gloves)
SInv    .            s - +0 pair of boots
Will    .....        h - amulet of reflection Stlth
                     (no ring)
HPRegen 0.32/turn    (no ring)
MPRegen 0.10/turn

%: reflection
@: no status effects
A: horns 2, retaliatory headbutt
a: no special abilities


You were on level 7 of the Dungeon.
You visited 1 branch of the dungeon, and saw 7 of its levels.
You also visited: Ossuary.

You collected 136 gold pieces.

Inventory:

Hand Weapons
 a - a +0 war axe
 i - a +1 flail of draining
 w - a +0 heavy spear
 x - a +2 trident of flaming (weapon)
Missiles
 j - 37 stones (quivered)
Armour
 b - a +0 scale mail (worn)
 c - a +0 buckler (worn)
 s - a +0 pair of boots (worn)
Jewellery
 h - an amulet of reflection (around neck)
Wands
 q - a wand of light (9)
Scrolls
 e - 2 scrolls of butterflies {unknown}
 g - 2 scrolls of enchant armour {unknown}
 l - 2 scrolls of revelation {unknown}
 m - 3 scrolls of identify {unknown}
 n - 2 scrolls of fear {unknown}
 o - a scroll of enchant weapon {unknown}
 p - a scroll of silence {unknown}
Potions
 d - a potion of might
 f - a potion of lignification {unknown}
 k - a potion of haste {unknown}
 r - 2 potions of brilliance {unknown}
 t - 3 potions of curing {unknown}
 u - 2 potions of attraction {unknown}
 v - a potion of degeneration {unknown}


   Skills:
 + Level 7.0 Fighting
 + Level 6.4 Axes
 + Level 7.0 Armour
 + Level 7.1 Shields


You had 7 spell levels left.
You didn't know any spells.
Your spell library was empty.

Dungeon Overview and Level Annotations

Branches:
Dungeon (7/15)            Ossuary (visited)
 Temple: D:4-7

Altars:
Elyvilon
Ru
Xom

Shops:
D:7 :

Annotations:
D:3 1 transporter


Innate Abilities, Weirdness & Mutations

You have a pair of horns on your head.
You reflexively headbutt those who attack you in melee.


Message History

You block the manticore's attack. x2; The manticore claws you.
You hit the manticore.
The manticore is moderately wounded.
The manticore bites you but does no damage.
The manticore claws you!
The manticore claws you but does no damage.
You hit the manticore.
The manticore is moderately wounded.
The manticore bites you!! The manticore claws you!
You block the manticore's attack. The manticore closely misses you.
The manticore claws you.
* * * LOW HITPOINT WARNING * * *
The manticore claws you.
* * * LOW HITPOINT WARNING * * *
Your +2 trident of flaming bursts into flame!
x - a +2 trident of flaming (weapon)
You barely miss the manticore. You headbutt the manticore.
The manticore is heavily wounded.
The manticore bites you.
* * * LOW HITPOINT WARNING * * *
The manticore claws you but does no damage.
You block the manticore's attack.
You hit the manticore. You burn the manticore. You headbutt the manticore.
The manticore is heavily wounded.
You block the manticore's attack. The manticore closely misses you.
The manticore claws you.
* * * LOW HITPOINT WARNING * * *
You hit the manticore. You burn the manticore.
The manticore is severely wounded.
You block the manticore's attack. x2
The manticore claws you but does no damage.
The manticore closely misses you. The manticore claws you!
* * * LOW HITPOINT WARNING * * *
The manticore claws you but does no damage.
You barely miss the manticore. Your headbutt misses the manticore.
The manticore is severely wounded.
You block the manticore's attack. The manticore claws you.
* * * LOW HITPOINT WARNING * * *
The manticore claws you!
You die...

♣. #.# ♣♣.♣ #.. ....
#♣...♣#.. .#.####
#.....#.# ......###
#.PPP...## ........#
..P~P....##.#..#.#<#
#.PPP........).#.#.#
#H)#.#...#...#
#@.......#..†####
#...............##
#........#........
#........#...####.
#..[...#.#...# #.
###..#...###.#.# #.
.............#.# #.
#######.##.#.#.# ##.
...........#.#.###..


You could see a manticore.

Vanquished Creatures
  A water moccasin (D:7)
  An ice beast (D:6)
  A phantom (D:6)
  A bullfrog (D:6)
  An elf zombie (Ossuary)
  A gnoll sergeant (D:6)
  A scorpion (D:4)
  4 crimson imps (D:3)
  4 centaur zombies (Ossuary)
  A hound (D:5)
  An orc priest (D:3)
  A sleepcap (D:6)
  A human zombie (Ossuary)
  An orc wizard (D:6)
  An iguana (D:5)
  6 hound zombies (Ossuary)
  3 mummies
  5 gnolls (D:6)
  4 adders
  A white imp (D:7)
  5 adder zombies (Ossuary)
  A dart slug (D:4)
  3 ribbon worms
  14 orcs
  2 endoplasms
  A giant cockroach (D:1)
  A goblin (D:4)
  A hobgoblin (D:4)
  A quokka (D:2)
  7 ball pythons
  3 bats
  2 frilled lizards (D:2)
  6 gnoll zombies (Ossuary)
  5 jackal zombies (Ossuary)
  4 kobolds
  5 kobold zombies (Ossuary)
  3 orc zombies (Ossuary)
  A rat (D:3)
105 creatures vanquished.

Notes
Turn   | Place    | Note
-------+----------+-------------------------------------------
     0 | D:1      | brinewave the Minotaur Fighter began the quest for the Orb.
     0 | D:1      | Reached XP level 1. HP: 19/19 MP: 0/0
   140 | D:2      | Reached XP level 2. HP: 20/27 MP: 1/1
   272 | D:3      | Reached XP level 3. HP: 33/33 MP: 2/2
   283 | D:3      | Found a transporter.
   305 | D:4      | Noticed an ice beast
   354 | D:4      | Noticed a wyvern
   368 | D:4      | Noticed a scorpion
   467 | D:3      | Reached XP level 4. HP: 15/39 MP: 3/3
   530 | D:3      | Found a shimmering altar of Xom.
   556 | D:3      | Reached XP level 5. HP: 32/47 MP: 4/4
   586 | D:3      | Reached skill level 5 in Armour
   586 | D:3      | Reached skill level 5 in Shields
   638 | D:3      | Found a sacrificial altar of Ru.
   697 | D:4      | Reached skill level 5 in Fighting
   779 | D:4      | Reached XP level 6. HP: 40/56 MP: 5/5
   814 | D:5      | Entered Level 5 of the Dungeon
   859 | D:6      | Noticed an ice beast
  1326 | D:6      | Killed an ice beast
  1327 | D:6      | Reached skill level 5 in Axes
  1327 | D:6      | Reached XP level 7. HP: 43/62 MP: 6/6
  1338 | D:6      | Found a sand-covered staircase.
  1348 | Ossuary  | Entered an ossuary
  1781 | D:6      | Reached XP level 8. HP: 50/71 MP: 7/7
  2009 | D:6      | Found a white marble altar of Elyvilon.
  2143 | D:7      | Found Kepp's Self-Improvement Boutique.
  2194 | D:7      | Noticed a manticore
  2209 | D:7      | HP: 1/73 [manticore (5)]
  2209 | D:7      | Mangled by a manticore

Illustrated notes

Levels and vault maps discovered:
D:1:      orjb1_clovarrival, layout_basic,
          shapermc_ecumenical_altar_mp_urbaneastern
D:2:      layout_basic
D:3:      gammafunk_steamed_eel, layout_rooms, lemuel_doored_altar,
          grunt_gozag_breadcrumbs, led_xom_imps, serial_bayou,
          serial_bayou_ford_a, serial_bayou_pond_d, serial_bayou_pond_c,
          serial_bayou_crossing
D:4:      layout_rooms, nicolae_hepliaklqana_monster_ancestors,
          mainiacjoe_overflow_alcove_4, zin_statuary, minmay_quadrilaterals
D:5:      layout_gridville, minmay_temple_entry_hall
D:6:      layout_cave_pools, elyvilon_altar_5, nicolae_overflow_hidden_temple,
          gup_ossuary_entry_pyramid, gammafunk_ghost_necromancy, serial_shops,
          shop_fountains, grunt_decor_fettered, grunt_decor_arrowhead,
          minmay_misc_feat_hallway
D:7:      nzn_winding_woodlands_small [nzn_winding_woodlands_5x15_longhouse,
          nzn_winding_woodlands_center_diamonds,
          nzn_winding_woodlands_5x15_garden], layout_basic,
          mainiacjoe_overflow_small_starburst, kennysheep_little_box,
          nicolae_shop_self_help, uniq_duvessa

Skill      XL: |  1  2  3  4  5  6  7  8 |
---------------+-------------------------+-----
Fighting       | 4 5 6 7 |  7.0
Armour         | 4 5 6 7 |  7.0
Shields        | 4 5 6 7 |  7.1
Axes           | 3 4 5 6 |  6.4

Action                     |  1- 3 |  4- 6 |  7- 9 || total
---------------------------+-------+-------+-------++-------
  Melee: War axe           |    54 |     4 |   115 ||   173
         Headbutt          |    10 |    17 |    38 ||    65
         Flail             |       |    87 |    19 ||   106
         Spear             |       |       |    33 ||    33
         Trident           |       |       |     4 ||     4
 Armour: Scale mail        |    73 |    71 |   124 ||   268
  Dodge: Dodged            |    34 |    37 |    63 ||   134
  Block: Buckler           |    26 |    55 |    94 ||   175
         Reflection        |       |     6 |     2 ||     8
